 Dungeon Crawl Stone Soup version 0.27.1-33-g824d729ab1 (webtiles) character file.

Game seed: 8491991528236227843

592 klutch the Skirmisher (level 7, 0/82 HPs)
             Began as a Demonspawn Berserker on Dec 6, 2021.
             Was a Believer of Trog.
             Succumbed to a water moccasin's poison
             ... on level 5 of the Dungeon.
             The game lasted 00:14:05 (6653 turns).

klutch the Skirmisher (Demonspawn Berserker)        Turns: 6653, Time: 00:14:06

Health: 0/82       AC:  4    Str: 18    XL:     7   Next: 16%
Magic:  7/7        EV: 12    Int: 12    God:    Trog [**....]
Gold:   126        SH:  0    Dex: 14    Spells: 6/6 levels left

rFire    . . .     SeeInvis .   a - +1 mace
rCold    . . .     Faith    .   (no shield)
rNeg     + . .     Spirit   .   j - +0 leather armour
rPois    .         Reflect  .   (no helmet)
rElec    .         Harm     .   (no cloak)
rCorr    .         Rampage  .   (no gloves)
Will     .....                  f - +0 pair of boots
Stlth    ..........             (no amulet)
HPRegen  0.23/turn              c - ring of positive energy
MPRegen  0.10/turn              (no ring)

@: berserking, lethally poisoned (0 -> -26), slowed, studying Slings
A: demonic guardian 1, powered by pain 1, big brain 2
a: Renounce Religion, Berserk, Trog's Hand


You were on level 5 of the Dungeon.
You worshipped Trog.
Trog was pleased with you.
You visited 1 branch of the dungeon, and saw 5 of its levels.

You collected 126 gold pieces.

Inventory:

Hand Weapons
 a - a +1 mace (weapon)
Missiles
 i - 3 boomerangs of dispersal
 m - 6 atropa-tipped darts (quivered)
 o - 8 datura-tipped darts
 t - 6 boomerangs
Armour
 b - a +0 animal skin
 f - a +0 pair of boots (worn)
 j - a +0 leather armour (worn)
Jewellery
 c - a ring of positive energy (left hand)
Scrolls
 d - a scroll of immolation
 g - a scroll of blinking
 h - 2 scrolls of magic mapping
 k - a scroll of identify
 p - 3 scrolls of teleportation
Potions
 e - 2 potions of degeneration
 l - 2 potions of curing {unknown}
 n - a potion of attraction {unknown}


   Skills:
 * Level 4.9 Fighting
 * Level 4.3 Maces & Flails
 * Level 3.8 Armour
 + Level 2.9 Dodging
 + Level 2.2 Unarmed Combat


You had 6 spell levels left.
You didn't know any spells.
Your spell library was empty.

Dungeon Overview and Level Annotations

Branches:
Dungeon (5/15)
 Temple: D:4-7

Altars:

Shops:
D:2 (


Innate Abilities, Weirdness & Mutations

A weak demonic guardian rushes to your aid.
You sometimes gain a little power by taking damage.
You have an extremely huge brain. (Int +4)


Message History

The hornet buzzes angrily.
The steam dragon hisses angrily.
The water moccasin hisses angrily.
Found a spear and 23 bolts.
Found a stone staircase leading up.
There is a stone staircase leading up here.
An adder comes into view.
A phantom comes into view.
A red film seems to cover your vision as you go berserk!
You feel yourself moving faster!
You feel mighty! The hornet stings you!
You suddenly lose the ability to move!
The hornet stings you!
You feel yourself slow down. The steam dragon breathes steam at you.
The ball of steam misses the orc.
The ball of steam hits you! The hornet stings you.
You are poisoned.
You feel as though you will be slow longer.
The orc is engulfed in a cloud of scalding steam.
The orc hits you with a +0 club.
You hear a shout!
You hear an angry hiss. x2
You are engulfed in a cloud of scalding steam.
You feel very sick. The hornet stings you!
* * * LOW HITPOINT WARNING * * *
You are more poisoned.
You feel as though you will be slow longer.
A dart slug comes into view.
The hornet stings you!
* * * LOW HITPOINT WARNING * * *
A demonic guardian appears!
You shrug off the repeated paralysis!
The orc is engulfed in a cloud of scalding steam.
The orc dies!
The water moccasin is engulfed in a cloud of scalding steam.
The water moccasin bites you.
* * * LOW HITPOINT WARNING * * *
You are more poisoned.
The water moccasin poisons you!
You can move again.
You feel a strong urge to attack something.
You are engulfed in a cloud of scalding steam.
* * * LOW HITPOINT WARNING * * *
You die...

.. . .# .##
.##... ##<.#.#
. #.....#..
###........
##..........
#..S@..)....
#....S5y§......
#......W.D§....
....###........
... ........w
.. ..#...... .
..#......
.(##......


You could see a hornet, a steam dragon, a phantom, a water moccasin (ally
target), an adder, a dart slug and a friendly quasit (summoned).

Vanquished Creatures
  2 scorpions (D:4)
  2 hounds (D:4)
  A gnoll shaman (D:4)
  An orc priest (D:4)
  An iguana (D:4)
  A gnoll (D:1)
  5 adders
  An ufetubus (D:4)
  2 worms
  3 dart slugs
  2 orcs (D:3)
  12 ball pythons
  7 endoplasms
  A giant cockroach (D:3)
  3 goblins
  5 hobgoblins
  5 jackals (D:2)
  10 kobolds
  8 quokkas
  4 bats (D:2)
  A frilled lizard (D:2)
  5 rats
82 creatures vanquished.

Vanquished Creatures (collateral kills)
  A steam dragon (D:4)
  2 water moccasin skeletons (D:4)
  An adder (D:4)
  An adder skeleton (D:4)
  A quokka (D:4)
  A ball python (D:4)
7 creatures vanquished.

Vanquished Creatures (others)
  An orc (D:5)
1 creature vanquished.

Grand Total: 90 creatures vanquished

Notes
Turn   | Place    | Note
-------+----------+-------------------------------------------
     0 | D:1      | klutch the Demonspawn Berserker began the quest for the
                  | Orb.
     0 | D:1      | Reached XP level 1. HP: 18/18 MP: 1/1
   336 | D:1      | Gained mutation: You have an unusually large brain. (Int
                  | +2) [demonic ancestry]
   336 | D:1      | Reached XP level 2. HP: 24/24 MP: 2/2
   974 | D:1      | Gained mutation: You sometimes gain a little power by
                  | taking damage. [demonic ancestry]
   974 | D:1      | Reached XP level 3. HP: 25/29 MP: 3/3
  1213 | D:1      | Found a faded altar of an unknown god.
  2207 | D:2      | Reached XP level 4. HP: 29/37 MP: 4/4
  2378 | D:2      | Found Idwolire's Weapon Emporium.
  2489 | D:2      | Reached ** piety under Trog
  2490 | D:2      | Reached skill level 1 in Unarmed Combat
  4152 | D:4      | Gained mutation: A weak demonic guardian rushes to your
                  | aid. [demonic ancestry]
  4152 | D:4      | Reached XP level 5. HP: 26/42 MP: 5/5
  4505 | D:4      | Reached XP level 6. HP: 26/48 MP: 6/6
  5887 | D:4      | Noticed a steam dragon
  5902 | D:4      | Killed a steam dragon
  5903 | D:4      | Gained mutation: You have an extremely huge brain. (Int +4)
                  | [demonic ancestry]
  5903 | D:4      | Reached XP level 7. HP: 3/55 MP: 7/7
  5919 | D:4      | HP: 2/55 [poisoned by an adder]
  6647 | D:5      | Entered Level 5 of the Dungeon
  6647 | D:5      | Noticed a hornet
  6647 | D:5      | Noticed a steam dragon
  6650 | D:5      | Paralysed by a hornet for 3 turns
  6653 | D:5      | Succumbed to a water moccasin's poison

Illustrated notes

Levels and vault maps discovered:
D:1:      scummos_arrival_star, layout_basic,
          shapermc_ecumenical_altar_flowoftime
D:2:      layout_basic, serial_shops, nicolae_shop_trees, hex_large
D:3:      layout_loops_ring
D:4:      layout_gridville, minmay_manual_moon
D:5:      layout_cave_pools, minmay_temple_entry_from_below_b, enter_ossuary_2,
          minmay_bent, uniq_sigmund

Skill      XL: |  1  2  3  4  5  6 |
---------------+-------------------+-----
Armour         | 2 3 |  3.8
Maces & Flails | 3 4 |  4.3
Dodging        | 2 |  2.9
Unarmed Combat | 1 2 |  2.2
Fighting       | 4 |  4.9

Action                   |  1- 3 |  4- 6 |  7- 9 || total
-------------------------+-------+-------+-------++-------
Melee: Mace              |   115 |   199 |    10 ||   324
       Punch             |     1 |     2 |       ||     3
Throw: Boomerang         |       |     3 |       ||     3
       Dart              |       |     8 |       ||     8
Invok: Berserk           |     1 |     2 |     2 ||     5
  Use: Scroll            |     6 |     1 |     3 ||    10
       Potion            |       |       |     1 ||     1
 Stab: Sleeping          |     4 |     2 |       ||     6
Armor: Animal skin       |    21 |    19 |       ||    40
       Leather armour    |       |    42 |     4 ||    46
Dodge: Dodged            |    68 |   165 |     7 ||   240
